AoeStats
← sicKboy

Arabia

505279533Analyzed
1v1 RM · 25d ago on Sep 8, 2026· 41m 22s· 2 players
Game mode
Random Map
Map size
Tiny (2 player)
Population
200
Speed
Normal
Resources
Standard
Victory
Conquest
Starting age
Dark Age
Ending age
Imperial Age
RankedLock teamsTeams togetherTeam positionsShared explorationLock speedFull tech treeHidden civsTurbo modeCheats
Victory
Defeat
🇪🇸 Franks · Spain
1053
+14
🇺🇸 Bulgarians · United States
1009
-14
яблоко
7:31 Loom
10:21 Feudal Age
10:51 Double-Bit Axe
11:09 Horse Collar
20:58 Wheelbarrow
21:48 Bloodlines
24:35 Castle Age
22:44 Scale Barding Armor
23:15 Town Watch
24:47 Forging
25:57 Chain Barding Armor
28:04 Iron Casting
33:28 Gold Mining
34:21 Town Watch
37:33 Imperial Age
36:40 Fletching
38:07 Hand Cart
37:35 Elite Konnik
40:07 Cavalier
sicKboy
10:59 Feudal Age
10:57 Loom
14:21 Forging
16:37 Scale Barding Armor
21:29 Castle Age
19:35 Double-Bit Axe
20:06 Gold Mining
21:32 Stone Mining
22:52 Wheelbarrow
23:12 Gold Shaft Mining
22:54 Bow Saw
32:38 Imperial Age
30:46 Hand Cart
31:05 Husbandry
30:55 Town Watch
32:05 Iron Casting
31:53 Chain Barding Armor
32:58 Cavalier
34:23 Town Patrol
35:46 Blast Furnace
35:57 Plate Barding Armor
36:31 Paladin
39:06 Conscription
Connection lost

Rejoining the realm…

Still unreachable

The connection could not be restored.

Session expired

The server has moved on; the page needs a fresh start.